 Dungeon Crawl Stone Soup version 0.21-a0-504-g2eda330 (webtiles) character file.

14 4thArraOfDagon the Firebug (level 2, -7/15 HPs)
             Began as a Deep Elf Fire Elementalist on Nov 26, 2017.
             Killed by divine providence
             ... invoked by an orc priest
              (14 damage)
             ... on level 3 of the Dungeon.
             The game lasted 00:01:04 (223 turns).

4thArraOfDagon the Firebug (DEFE)                    Turns: 223, Time: 00:01:05

Health: -7/15      AC:  2    Str:  5    XL:     2   Next: 31%
Magic:  3/8        EV: 13    Int: 19    God:
Gold:   16         SH:  0    Dex: 15    Spells: 6/7 levels left

rFire    . . .     SeeInvis .   (no weapon)
rCold    . . .     Gourm    .   (no shield)
rNeg     . . .     Faith    .   a - +0 robe
rPois    .         Spirit   .   (no helmet)
rElec    .         Reflect  .   (no cloak)
rCorr    .         Harm     .   (no gloves)
MR       .....                  (no boots)
Stlth    ++........             (no amulet)
HPRegen  0.05/turn              (no ring)
MPRegen  0.11/turn              (no ring)

@: no status effects
A: no striking features
a: no special abilities


You were on level 3 of the Dungeon.
You were not hungry.

You visited 1 branch of the dungeon, and saw 3 of its levels.

You collected 16 gold pieces.

Inventory:

Armour
 a - a +0 robe (worn)
Scrolls
 e - a scroll of fog {unknown}
 g - a scroll of teleportation {unknown}
Books
 b - a book of Flames

   Spells                             Type                      Level
   a - Flame Tongue                   Conjuration/Fire             1
   b - Throw Flame                    Conjuration/Fire             2
   c - Conjure Flame                  Conjuration/Fire             3
   d - Inner Flame                    Hexes/Fire                   3
   e - Sticky Flame                   Conjuration/Fire             4
   f - Fireball                       Conjuration/Fire             5
Comestibles
 c - 2 bread rations
 f - 2 meat rations


   Skills:
 - Level 2.4 Dodging
 - Level 2.4 Stealth
 + Level 3.2 Spellcasting
 * Level 1.9 Conjurations
 * Level 3.6 Fire Magic


You had 6 spell levels left.
You knew the following spells:

 Your Spells              Type           Power        Failure   Level  Hunger
a - Flame Tongue          Conj/Fire      ##...        4%          1    None


Dungeon Overview and Level Annotations

Branches:
Dungeon (3/15)

Altars:
Ru


Message History

Aim: an orc priest, wielding a hand axe and wearing a scale mail (moderately wounded)
The flame tongue hits the orc priest.
The orc priest is heavily wounded.
The orc priest closely misses you.
It was a potion of curing.
You feel better.
The orc priest hits you with a hand axe.
It was a potion of cancellation.
You feel magically purged.
The orc priest hits you with a hand axe.
Unknown command.
Casting: Flame Tongue
Confirm with . or Enter, or press ? or * to list all spells.
Aiming: Flame Tongue
Press: ? - help, Shift-Dir - straight line, f/p - orc priest
Aim: an orc priest, wielding a hand axe and wearing a scale mail (heavily wounded)
The flame tongue hits the orc priest.
The orc priest is almost dead.
The orc priest calls down the wrath of Beogh upon you.
Beogh smites you!
Ouch! That really hurt!
You die...

#.# ####### #.# ..≈≈≈.. #..
.≈...≈. ## #.# .≈.o=≈. #.#
#..# .≈o..≈. #.#
#.#.#..o≈≈o.#.#
#.##o#######.#
#.###@.......#
#.......###..#########
###########.#####...........
#.......# #.#...#.##########
#.......# #.#.#.#.#
#.......# #.#.#.#.#
#.......###.....#.#
#...............#.#
#.......#####.#.#.##########


You could see an orc priest.

Vanquished Creatures
  An adder (D:2)
  An orc (D:3)
  A hobgoblin (D:1)
  A quokka (D:3)
4 creatures vanquished.

Notes
Turn   | Place    | Note
-------+----------+-------------------------------------------
     0 | D:1      | 4thArraOfDagon the Deep Elf Fire Elementalist began the quest for the Orb.
     0 | D:1      | Reached XP level 1. HP: 10/10 MP: 6/6
    57 | D:2      | Reached XP level 2. HP: 8/15 MP: 0/8
    96 | D:3      | Found a sacrificial altar of Ru.
   195 | D:3      | Turgon: "Hit by a large rock thrown by a cyclops (40 damage)"
   214 | D:3      | Turgon: Ouch
   223 | D:3      | Killed from afar by an orc priest

Vault maps used:
D:1:      scummos_arrival_checkerplants, hangedman_decor_clover_reticule,
          bh_walls_and_bars
D:2:      lemuel_upstairs_altar, old_standard_altar, first_bread,
          nicolae_tso_carved_into_rock
D:3:      makhleb_altar_promises_db, nicolae_ru_awakened_eye

Action                   || total
-------------------------++-------
 Cast: Flame Tongue      ||    16
  Use: Potion            ||     3
Armor: Robe              ||     1
Dodge: Dodged            ||    12

Table legend:
 A = Spawn XP
 B = Non-spawn XP
 C = Spawn XP percentage of total XP
 D = Spawn monster count
 E = Non-spawn monster count
 F = Spawn count percentage of total count
 G = Total turns spent on level
                    A         B        C        D         E        F      G
               +---------+---------+-------+---------+---------+-------+---------
         Total |       0 |      21 |   0.0 |       0 |       4 |   0.0 |   223
               +---------+---------+-------+---------+---------+-------+---------
           D:1 |       0 |       2 |   0.0 |       0 |       1 |   0.0 |    35
           D:2 |       0 |      14 |   0.0 |       0 |       1 |   0.0 |    48
           D:3 |       0 |       5 |   0.0 |       0 |       2 |   0.0 |   140
               +---------+---------+-------+---------+---------+-------+---------
